 Dungeon Crawl Stone Soup version 0.29.1-14-g9c671dbff4 (webtiles) character file.

Game seed: 11963600751361634608

210 Midpoint the Ruffian (level 5, -5/46 HPs)
             Began as a Ghoul Delver on Feb 15, 2023.
             Slain by a wight
             ... wielding a +5 spear
              (9 damage)
             ... on level 3 of the Dungeon.
             The game lasted 00:12:29 (2999 turns).

Midpoint the Ruffian (Ghoul Delver)                 Turns: 2999, Time: 00:12:30

Health: -5/46      AC:  4    Str: 17 (18) XL:     5   Next: 87%
Magic:  4/4        EV: 11    Int:  2 (5)  God:
Gold:   121        SH:  0    Dex:  7 (10) Spells: 4/4 levels left

rFire   . . .      SeeInvis .     - Unarmed
rCold   + . .      Faith    .   (no shield)
rNeg    + + +      Spirit   .   a - +0 leather armour
rPois   ∞          Reflect  .   (no helmet)
rElec   .          Harm     .   (no cloak)
rCorr   .          Rampage  .   (no gloves)
Will    .....                   l - +0 pair of boots
Stlth   ++........              (no amulet)
HPRegen 0.00/turn               (no ring)
MPRegen 0.09/turn               (no ring)

@: inhibited regen, hasted, very quick
A: claws 1, cold resistance 1, negative energy resistance 3, inhibited
regeneration, torment resistance 2, devour on kill
a: no special abilities


You were on level 3 of the Dungeon.
You visited 1 branch of the dungeon, and saw 5 of its levels.

You collected 121 gold pieces.

Inventory:

Hand Weapons
 b - a +0 sling
 i - a +0 war axe
 j - a +0 long sword
 t - a +0 spear
Armour
 a - a +0 leather armour (worn)
 l - a +0 pair of boots (worn)
Magical Staves
 g - a staff of death
Wands
 f - a wand of digging (3)
Scrolls
 c - a scroll of magic mapping
 d - a scroll of fear
 k - a scroll of teleportation {unknown}
 o - a scroll of fog
 s - a scroll of vulnerability {unknown}
Potions
 n - a potion of mutation {unknown}
 p - a potion of lignification {unknown}
 q - a potion of degeneration
 r - a potion of magic {unknown}


   Skills:
 * Level 3.8 Fighting
 + Level 0.9 Throwing
 + Level 2.1 Dodging
 - Level 5.4 Stealth
 + Level 5.8 Unarmed Combat


You had 4 spell levels left.
You didn't know any spells.
Your spell library contained the following spells:

 Spells                   Type           Power      Damage    Failure   Level
 Ozocubu's Armour         Ice            0%         N/A       94%         3
 Ozocubu's Refrigeration  Ice            0%         4d7       100%        7


Dungeon Overview and Level Annotations

Branches:
Dungeon (5/15)
 Temple: D:4-7

Altars:


Innate Abilities, Weirdness & Mutations

You are immune to poison.
You have sharp fingernails.
Your flesh is cold resistant. (rC+)
You are immune to negative energy. (rN+++)
You do not regenerate when monsters are visible.
You are immune to unholy pain and torment.
You thrive by killing the living.


Message History

The wight freezes you.
You scratch the wight.
The wight is almost destroyed.
The wight hits you with a +1 short sword of freezing.
The wight freezes you.
You barely miss the wight.
The wight is almost destroyed.
Okay, then.
You feel yourself speed up. The wight barely misses you. The wight misses you.
You claw the wight!
You destroy the wight!
Your Dodging skill increases to level 2!
The wight hits you with a +5 spear.
* * * LOW HITPOINT WARNING * * *
You claw the wight!
The wight is heavily damaged.
The wight hits you with a +5 spear!
* * * LOW HITPOINT WARNING * * *
It was a potion of degeneration.
There was something very wrong with that liquid.
You feel weakened.
You feel dopey.
You feel clumsy.
It was a potion of ambrosia.
You are confused.
You feel invigorated. The wight hits you with a +5 spear.
* * * LOW HITPOINT WARNING * * *
It was a potion of curing.
You feel better.
You feel less invigorated. The wight hits you with a +5 spear.
* * * LOW HITPOINT WARNING * * *
You scratch the wight but do no damage.
The wight is heavily damaged.
You barely miss the wight.
The wight is heavily damaged.
The wight hits you with a +5 spear.
* * * LOW HITPOINT WARNING * * *
You scratch the wight but do no damage.
The wight is heavily damaged.
You claw the wight! Your claw misses the wight.
The wight is almost destroyed.
The wight hits you with a +5 spear!
You die...

..####.........#.
#............ .#
#.†#....#....
#....#.#.#.#.
......##....##..#
#............
......#......#..#
#....#.#.#.#. .....##
.##..##.# #............
..... ## #..#.#
#....#.#.#.#. .....
..#.## ##...........
...!. ##.z# ##...#.#.#.#.
..... #..@# #............
..... ##.).#
#..........## .....
...#..#.####..........##
.....
........................
#####
..###########..........##
# ##........## #
##......## # ######## #


You could see a wight.

Vanquished Creatures
  2 wights
  Natasha (D:3)
  2 adders
  4 dart slugs
  3 orcs (D:3)
  3 ball pythons (D:1)
  2 bats
  4 endoplasms
  2 giant cockroaches
  4 goblins
  2 hobgoblins (D:1)
  7 jackals (D:2)
  6 kobolds
  2 quokkas (D:2)
  4 frilled lizards
  5 rats
  A spectral kobold (D:1)
54 creatures vanquished.

Notes
Turn   | Place    | Note
-------+----------+-------------------------------------------
     0 | D:5      | Midpoint the Ghoul Delver began the quest for the Orb.
     0 | D:5      | Reached XP level 1. HP: 19/19 MP: 0/0
    47 | D:4      | Noticed a scorpion
   104 | D:3      | Noticed a wight
   104 | D:3      | Noticed a wight
   104 | D:3      | Noticed a wight
   112 | D:5      | Noticed a scorpion
   119 | D:4      | Noticed an iguana
   133 | D:3      | Noticed a wight
   367 | D:2      | Reached XP level 2. HP: 21/26 MP: 1/1
   929 | D:1      | Reached XP level 3. HP: 31/31 MP: 2/2
   936 | D:1      | Found a faded altar of an unknown god.
  2053 | D:2      | Reached XP level 4. HP: 38/38 MP: 3/3
  2344 | D:3      | Noticed a steam dragon
  2454 | D:2      | Reached skill level 5 in Unarmed Combat
  2454 | D:2      | Reached XP level 5. HP: 18/45 MP: 4/4
  2753 | D:3      | Noticed Natasha
  2769 | D:3      | Killed Natasha
  2999 | D:3      | Slain by a wight

Illustrated notes

Levels and vault maps discovered:
D:1:      dpeg_arrival_another_circle, layout_basic,
          dreamdust_ecumenical_altar_drowned_temple
D:2:      layout_loops_corners, serial_aquarium, aquarium_bridge_square
          [aquarium_subvault_wall, aquarium_subvault_window,
          aquarium_subvault_wall, aquarium_subvault_bridge],
          aquarium_window_fake, aquarium_window_1, aquarium_window_corridor_1,
          aquarium_window_2, aquarium_view_2d, aquarium_balcony_double_1,
          aquarium_pool_corner
D:3:      layout_rooms, minmay_misc_feat_iff, st_stairs_10, grunt_ministairs_1,
          amethyst_killhole, minmay_randomly_rotated_circles, uniq_natasha
D:4:      layout_rooms, mainiacjoe_overflow_catwalk, kennysheep_big_empty_room,
          guppyfry_early_orc_mine
D:5:      layout_loops_corners, nicolae_shop_self_help

Skill      XL: |  1  2  3  4  5 |
---------------+----------------+-----
Unarmed Combat | 3 4 5 |  5.8
Dodging        | 2 |  2.1
Fighting       | |  3.8
Throwing       | |  0.9
Stealth        | |  5.4

Action                   |  1- 3 |  4- 6 || total
-------------------------+-------+-------++-------
Melee: Unarmed           |   116 |    56 ||   172
       Punch             |     1 |     2 ||     3
 Fire: Sling             |     1 |     4 ||     5
Throw: Stone             |    10 |     6 ||    16
  Use: Potion            |       |     4 ||     4
 Stab: Sleeping          |     5 |     1 ||     6
Armor: Leather armour    |    22 |     5 ||    27
Dodge: Dodged            |    57 |    18 ||    75
